 Dungeon Crawl Stone Soup version 0.30.1-9-gdf580d7c3d (webtiles) character file.

Game seed: 14663757982350660549

157 hawla the Firebug (level 5, 0/39 HPs)
             Began as a Meteoran Fire Elementalist on Oct 21, 2023.
             Slain by a kobold brigand
             ... wielding a +0 dagger
              (9 damage)
             ... on level 4 of the Dungeon.
             The game lasted 00:04:06 (427 turns).

hawla the Firebug (Meteoran Fire Elementalist)       Turns: 427, Time: 00:04:07

Health: 0/39       AC:  2    Str:  9    XL:     5   Next: 99%
Magic:  1/11       EV: 13    Int: 19    God:
Gold:   57         SH:  0    Dex: 14    Spells: 4/11 levels left

rFire   . . .        d - +0 flail (heavy)
rCold   . . .        (no shield)
rNeg    . . .        a - +0 robe
rPois   .            (no helmet)
rElec   .            (no cloak)
rCorr   .            (no gloves)
SInv    .            (no boots)
Will    .....        (no amulet)
Stlth   +            (no ring)
HPRegen 0.26/turn    (no ring)
MPRegen 0.12/turn

%: no passive effects
@: glowing
A: sense surroundings 1, otherworldly, glowing, explore regen
a: no special abilities


You were on level 4 of the Dungeon.
You visited 1 branch of the dungeon, and saw 4 of its levels.

You collected 57 gold pieces.

Inventory:

Hand Weapons
 d - a +0 heavy flail (weapon)
Armour
 a - a +0 robe (worn)
Scrolls
 c - a scroll of fear
 e - a scroll of identify
 f - a scroll of silence
 h - a scroll of enchant weapon {unknown}
Potions
 b - a potion of magic
 g - a potion of curing {unknown}
 i - a potion of brilliance {unknown}
 j - a potion of haste {unknown}
 k - a potion of might {unknown}


   Skills:
 - Level 0.8 Fighting
 - Level 3.0 Dodging
 - Level 1.4 Stealth
 - Level 3.7 Spellcasting
 + Level 3.3 Conjurations
 - Level 5.2 Fire Magic


You had 4 spell levels left.
You knew the following spells:

 Your Spells              Type           Power      Damage    Failure   Level
a - Foxfire               Conj/Fire      76%        2x1d7     2%          1
b - Scorch                Fire           46%        2d7       2%          2
c - Flame Wave            Conj/Fire      19%        2d7       24%         4

Your spell library contained the following spells:

 Spells                   Type           Power      Damage    Failure   Level
 Inner Flame              Hex/Fire       13%        N/A       14%         3
 Volatile Blastmotes      Fire/Tloc      26%        2d12      14%         3


Dungeon Overview and Level Annotations

Branches:
Dungeon (4/15) Zot: 1963
 Temple: D:4-7

Altars:


Innate Abilities, Weirdness & Mutations

You passively map a small area around you.
You are easily found by Zot.
You glow in the dark.
You regain HP and MP as you explore.


Message History

Casting: Scorch (safe; 2% risk of failure)
Confirm with . or Enter, or press ? or * to list all spells.
You conjure some foxfire!
An adder comes into view.
Casting: Foxfire (safe; 2% risk of failure)
Confirm with . or Enter, or press ? or * to list all spells.
You conjure some foxfire!
The foxfire hits the kobold brigand.
The kobold brigand is moderately wounded.
Casting: Foxfire (safe; 2% risk of failure)
Confirm with . or Enter, or press ? or * to list all spells.
You conjure some foxfire!
The foxfire hits the kobold brigand.
The kobold brigand is moderately wounded.
The foxfire hits the adder.
The adder is lightly wounded.
The foxfire hits the kobold brigand.
The kobold brigand is moderately wounded.
The kobold brigand closely misses you.
You hit the adder.
The adder is heavily wounded.
The foxfire hits the kobold brigand.
The kobold brigand is heavily wounded.
The foxfire hits the adder.
The adder is almost dead.
The adder bites you but does no damage. The kobold brigand barely misses you.
The adder closely misses you. The kobold brigand misses you.
The adder bites you.
You sock the adder!
You kill the adder!
The kobold brigand closely misses you. The kobold brigand barely misses you.
Unknown command.
You barely miss the kobold brigand.
The kobold brigand is heavily wounded.
The kobold brigand hits you with a +0 dagger!
The kobold brigand hits you with a +0 dagger.
You sock the kobold brigand!
The kobold brigand is almost dead.
The kobold brigand hits you with a +0 dagger.
* * * LOW HITPOINT WARNING * * *
The kobold brigand hits you with a +0 dagger!
You die...

* , , , * ,, #...## ,
##....#, †.....# , * #.....#
, , , * * #.....# , ,
,',.....# , , * *#K..# .., ,
* , ###@..##... , , ,
#.........., , , #..........
** ** ##......... ,
###...........#......
########.............#......
(....................'......
....................##......
,....)...............##......


You could see a kobold brigand.

Vanquished Creatures
  A phantom (D:4)
  An iguana (D:4)
  3 adders
  2 dart slugs (D:1)
  6 endoplasms
  A giant cockroach (D:2)
  A goblin (D:2)
  A hobgoblin (D:1)
  2 jackals (D:4)
  A quokka (D:4)
  2 ball pythons
  A bat (D:1)
  4 kobolds
  4 rats (D:1)
30 creatures vanquished.

Vanquished Creatures (others)
  78 foxfires
78 creatures vanquished.

Grand Total: 108 creatures vanquished

Notes
Turn   | Place    | Note
-------+----------+-------------------------------------------
     0 | D:1      | hawla the Meteoran Fire Elementalist began the quest for
                  | the Orb.
     0 | D:1      | Reached XP level 1. HP: 14/14 MP: 5/5
    48 | D:1      | Reached XP level 2. HP: 20/20 MP: 0/6
    51 | D:1      | Learned a level 2 spell: Scorch
    63 | D:1      | Reached skill level 4 in Fire Magic
   163 | D:1      | Reached XP level 3. HP: 22/26 MP: 2/8
   325 | D:4      | Noticed a phantom
   333 | D:4      | Killed a phantom
   334 | D:4      | Reached skill level 5 in Fire Magic
   334 | D:4      | Reached XP level 4. HP: 21/34 MP: 2/10
   334 | D:4      | Reached XP level 5. HP: 24/39 MP: 2/11
   339 | D:4      | Learned a level 4 spell: Flame Wave
   420 | D:4      | Noticed a kobold brigand
   427 | D:4      | Slain by a kobold brigand

Illustrated notes

Levels and vault maps discovered:
D:1:      dpeg_arrival_arbitrary_b, layout_basic
D:2:      layout_basic, serial_shops, shop
D:3:      lemuel_castle_with_subvaults [lemuel_castle_interior_carwin_3],
          layout_loops_corners
D:4:      layout_gridville, gammafunk_ghost_necromancy,
          nicolae_nh_ransacked_shop

Skill      XL: |  1  2  3  4  5 |
---------------+----------------+-----
Spellcasting   | 3 |  3.7
Fire Magic     | 4 5 |  5.2
Dodging        | 3 |  3.0
Conjurations   | 2 3 |  3.3
Fighting       | |  0.8
Stealth        | |  1.4

Action                     |  1- 3 |  4- 6 || total
---------------------------+-------+-------++-------
  Melee: Unarmed           |    11 |       ||    11
         Flail             |     3 |     6 ||     9
   Cast: Foxfire           |    38 |     9 ||    47
         Scorch            |     2 |     3 ||     5
    Use: Scroll            |     2 |       ||     2
 Armour: Robe              |     1 |     1 ||     2
  Dodge: Dodged            |     9 |     9 ||    18
